Map: [ESL] Post-Youth

Players

HeroMarine - Winner!

  • Race: Terran Terran
  • Spawn Location: 1:00

Harstem

  • Race: Protoss Protoss
  • Spawn Location: 7:00

Event: ESL SC2 Masters 2024 Spring (Regional)

VOD

Have the link to the VOD?

Description

Time

  • Played on: May 4, 2024, 9:16 a.m.
  • Length: 11:07

All games in this series

Show
View Real Time Build Order
Export as new Build Order

HeroMarine Terran - Winner!

Build Orders: Reaper Expand 

Get SALT Encoding   

  12  0:00  SCV  
  13  0:12  SCV  
  14  0:17  Supply Depot  
  14  0:24  SCV  
  15  0:39  SCV  
  15  0:40  Barracks  
  16  0:44  Refinery  
  16  0:51  SCV  
  17  1:03  SCV  
  18  1:15  SCV  
  19  1:27  Orbital Command, Reaper  
  20  1:40  Command Center  
  20  1:48  Supply Depot  
  20  1:53  SCV  
  21  1:59  Barracks Reactor  
  21  2:05  SCV  
  22  2:17  SCV  
  23  2:26  Command Center  
  23  2:29  SCV  
  24  2:33  Barracks  
  24  2:35  Marine  
  24  2:37  Marine  
  25  2:41  SCV  
  27  2:51  Barracks  
  27  2:53  SCV, Marine  
  27  2:54  Marine  
  30  3:04  Orbital Command  
  30  3:08  SCV  
  30  3:11  Marine  
  30  3:12  Marine  
  33  3:20  SCV, Barracks Tech Lab  
  34  3:29  Marine  
  34  3:30  SCV, Marine  
  34  3:33  SCV  
  38  3:38  Orbital Command  
  38  3:41  Stimpack  
  38  3:42  SCV, Barracks Tech Lab  
  38  3:45  SCV  
  38  3:46  Marine  
  38  3:48  Marine  
  42  3:52  Marauder  
  42  3:54  SCV  
  44  3:57  SCV  
  44  3:58  Refinery  
  44  4:00  Combat Shield, Marauder  
  47  4:04  SCV, Marine  
  47  4:06  SCV, Marine  
  47  4:09  SCV  
  52  4:12  Supply Depot  
  52  4:14  Marauder  
  52  4:16  SCV  
  55  4:18  SCV  
  55  4:20  Engineering Bay  
  55  4:21  SCV  
  55  4:22  Marine  
  55  4:23  Marauder  
  55  4:24  Marine  
  61  4:31  Refinery  
  61  4:32  Refinery  
  61  4:34  SCV x3  
  61  4:35  Supply Depot  
  61  4:38  Marauder  
  66  4:40  Marine  
  66  4:41  Marine  
  68  4:52  Factory  
  68  4:55  SCV  
  68  4:57  SCV x2, Marauder  
  68  4:58  Marine  
  68  4:59  Supply Depot, Marine  
  74  5:03  Supply Depot  
  74  5:09  Supply Depot, Orbital Command  
  74  5:14  Barracks, Marine  
  74  5:15  Barracks  
  74  5:17  Marauder  
  74  5:19  SCV  
  74  5:21  SCV, Marauder  
  80  5:23  Terran Infantry Weapons Level 1  
  80  5:25  Supply Depot  
  77  5:31  SCV  
  77  5:33  SCV  
  77  5:35  SCV  
  80  5:39  Marauder  
  80  5:41  Starport  
  80  5:43  SCV  
  80  5:45  SCV  
  80  5:46  Marine  
  80  5:47  Marine  
  80  5:48  SCV  
  79  5:54  Supply Depot  
  79  5:55  SCV  
  79  5:57  SCV  
  79  5:58  Concussive Shells  
  79  6:00  SCV, Missile Turret  
  81  6:06  Barracks Tech Lab, Barracks Reactor, Marauder x2  
  81  6:07  SCV  
  81  6:08  Missile Turret  
  81  6:09  SCV  
  87  6:13  SCV  
  88  6:19  SCV, Factory Reactor  
  88  6:20  Starport Reactor  
  88  6:21  SCV, Marine x2  
  88  6:25  SCV  
  93  6:27  Refinery, Marauder x2  
  93  6:29  Refinery, Marauder  
  93  6:32  SCV  
  97  6:33  SCV  
  97  6:36  Supply Depot  
  97  6:37  SCV  
  97  6:39  Supply Depot, Marine  
  100  6:40  Marine  
  100  6:44  SCV  
  100  6:45  Ghost Academy  
  100  6:46  Marine  
  103  6:47  Marine  
  103  6:49  Marauder x2  
  103  6:51  Marauder  
  110  6:57  Widow Mine, Medivac x2  
  110  6:58  Widow Mine, Marine  
  110  6:59  Marine  
  120  7:04  Marine  
  120  7:05  Marine  
  120  7:07  SCV  
  123  7:09  Command Center  
  123  7:13  Supply Depot  
  123  7:15  Supply Depot, Marauder x2  
  124  7:21  Marauder  
  117  7:23  Marine x2  
  117  7:24  Marine  
  117  7:29  Widow Mine x2, Medivac x2  
  116  7:36  Marauder  
  114  7:37  Marine, Marauder  
  114  7:41  Marine x2  
  114  7:42  Marine  
  119  7:50  Sensor Tower  
  119  7:51  Widow Mine x2, Ghost  
  121  7:55  Marine  
  121  7:57  Ghost x2  
  127  7:59  Medivac, Marine x2  
  127  8:01  Medivac  
  127  8:02  SCV x2  
  127  8:03  SCV  
  136  8:05  Supply Depot  
  136  8:06  Marine  
  136  8:07  Supply Depot  
  132  8:13  Marine  
  132  8:17  Marine  
  133  8:20  Marauder  
  133  8:21  Terran Infantry Armor Level 1, Marine  
  133  8:24  Marine  
  133  8:25  Starport  
  133  8:26  SCV, Marauder  
  133  8:27  SCV x2, Marauder  
  143  8:31  Marine  
  143  8:34  Viking x2  
  143  8:38  Armory  
  143  8:39  SCV x2, Engineering Bay  
  147  8:41  Marauder  
  147  8:45  Planetary Fortress  
  149  8:50  Ghost  
  149  8:51  Ghost, Refinery x2, Missile Turret  
  149  8:52  Marine x4  
  157  8:56  Bunker  
  157  9:00  Missile Turret  
  157  9:02  Supply Depot  
  157  9:05  Viking x2  
  161  9:12  Viking x2  
  161  9:16  Missile Turret  
  165  9:17  Missile Turret  
  165  9:18  Supply Depot  
  163  9:30  Marine x2  
  163  9:34  Marauder  
  163  9:35  Viking x2  
  163  9:36  Marine x2  
  163  9:37  Marauder x2  
  175  9:50  Viking x2  
  179  9:58  Barracks  
  179  10:00  Barracks  
  179  10:01  Barracks  
  179  10:05  Viking x2  
  182  10:09  Marine x2, Marauder x2  
  182  10:12  Marine  
  182  10:13  Marine  
  190  10:16  Marine  
  190  10:20  Viking x2  
  195  10:27  Marine  
  186  10:30  Marauder x2  
  186  10:33  Marine x2  
  90  10:35  Viking  
  195  10:43  Marine  
  195  10:45  Marine  
Show
View Real Time Build Order
Export as new Build Order

Harstem Protoss 

Build Orders: 1 Gate Expand, Blink Stalkers 

Get SALT Encoding   

  12  0:00  Probe  
  13  0:12  Probe  
  14  0:17  Pylon  
  14  0:24  Probe  
  15  0:36  Probe (Chrono Boost)  
  15  0:37  Gateway  
  16  0:47  Probe (Chrono Boost)  
  16  0:48  Assimilator  
  17  0:52  Probe (Chrono Boost)  
  18  1:03  Probe  
  19  1:20  Nexus  
  19  1:29  Cybernetics Core  
  19  1:33  Probe  
  19  1:38  Assimilator  
  20  1:45  Probe  
  21  1:48  Pylon  
  21  1:57  Probe  
  22  2:03  Adept (Chrono Boost)  
  22  2:06  Warp Gate  
  24  2:09  Probe  
  25  2:15  Twilight Council  
  25  2:22  Probe  
  26  2:31  Probe  
  26  2:33  Adept (Chrono Boost)  
  26  2:34  Probe  
  30  2:43  Blink (Chrono Boost)  
  30  2:44  Probe  
  31  2:46  Probe  
  33  2:58  Probe  
  33  2:59  Stalker  
  33  3:00  Probe  
  36  3:10  Probe, Gateway  
  36  3:12  Probe  
  38  3:16  Pylon  
  38  3:22  Probe  
  38  3:24  Probe  
  40  3:29  Stalker  
  42  3:35  Probe  
  42  3:36  Probe  
  44  3:47  Probe  
  45  3:48  Probe  
  45  3:52  Nexus  
  45  3:53  Pylon  
  47  4:02  Robotics Facility  
  47  4:05  Stalker  
  47  4:07  Stalker  
  47  4:08  Probe  
  47  4:09  Probe  
  52  4:13  Assimilator  
  52  4:20  Probe  
  52  4:21  Probe  
  52  4:23  Charge (Chrono Boost)  
  54  4:25  Gateway  
  54  4:29  Stalker  
  56  4:32  Stalker  
  56  4:33  Probe  
  56  4:38  Pylon, Probe  
  60  4:45  Probe  
  60  4:46  Forge  
  60  4:50  Probe  
  62  4:54  Observer (Chrono Boost)  
  62  4:58  Probe  
  64  5:02  Probe  
  64  5:04  Stalker x2  
  64  5:06  Probe  
  70  5:10  Probe  
  70  5:11  Immortal (Chrono Boost)  
  75  5:14  Probe  
  75  5:18  Probe  
  75  5:20  Stalker  
  79  5:21  Shield Battery  
  79  5:22  Probe  
  78  5:29  Probe  
  75  5:36  Stalker x2  
  75  5:38  Probe  
  79  5:47  Protoss Ground Weapons Level 1 (Chrono Boost)  
  73  5:54  Pylon  
  69  5:57  Robotics Bay  
  69  6:03  Assimilator  
  69  6:11  Pylon  
  69  6:12  Probe  
  69  6:13  Pylon  
  69  6:14  Nexus  
  69  6:16  Pylon  
  70  6:29  Probe x2  
  70  6:30  Pylon, Observer (Chrono Boost)  
  70  6:32  Stalker x3  
  78  6:41  Probe x2  
  80  6:47  Pylon, Colossus (Chrono Boost)  
  80  6:52  Shield Battery  
  80  6:53  Probe x2  
  86  6:57  Stalker x3  
  92  7:03  Photon Cannon  
  92  7:05  Probe x2  
  92  7:17  Pylon, Probe x2  
  92  7:21  Zealot x3  
  95  7:28  Colossus (Chrono Boost)  
  85  7:32  Protoss Ground Weapons Level 2 (Chrono Boost)  
  85  7:37  Observer  
  88  7:40  Gateway  
  88  7:41  Gateway  
  88  7:43  Zealot x2  
  91  7:47  Shield Battery  
  89  7:52  Extended Thermal Lance  
  89  7:53  Gateway  
  89  7:54  Sentry  
  91  8:01  Probe  
  91  8:05  Stalker x2  
  94  8:09  Shield Battery  
  94  8:17  Observer, Stalker  
  94  8:19  Photon Cannon  
  95  8:24  Colossus (Chrono Boost)  
  101  8:29  Zealot x2, Gateway  
  101  8:30  Gateway  
  101  8:32  Assimilator  
  105  8:36  Stalker  
  105  8:37  Shield Battery  
  107  8:41  Stalker  
  107  8:43  Stalker  
  111  8:55  Nexus  
  111  8:59  Observer, Stalker x2  
  111  9:00  Zealot  
  117  9:04  Zealot x2  
  117  9:08  Pylon  
  121  9:10  Sentry  
  121  9:14  Observer  
  121  9:16  Disruptor (Chrono Boost)  
  123  9:18  Pylon  
  125  9:27  Pylon  
  125  9:29  Photon Cannon  
  123  9:35  Photon Cannon  
  122  9:40  Zealot x3, Shield Battery  
  122  9:41  Shield Battery  
  122  9:45  Disruptor (Chrono Boost)  
  131  9:47  Zealot, Stalker  
  133  9:53  Pylon  
  133  9:57  Zealot  
  134  10:10  Zealot x2  
  134  10:11  Zealot x2, Disruptor (Chrono Boost)  
  142  10:19  Shield Battery  
  142  10:20  Zealot  
  132  10:32  Stalker x2  
  116  10:54  Stalker  
  116  10:55  Zealot x4  
Tags
 
Add a new tag
Caveats
  • Supply blocks, unpowered buildings, or Contaminate may cause inaccurate times.
  • Supply counts are checked every 10 seconds.